 Dungeon Crawl Stone Soup version 0.31.0-1-g2c135a008e (webtiles) character file.

Game seed: 7208645509483978253

1213 qw the Shooter (level 8, -5/59 HPs)
             Began as a Djinni Hunter on Jan 23, 2024.
             Slain by Duvessa
             ... wielding a +0 short sword
              (17 damage)
             ... on level 5 of the Dungeon.
             The game lasted 00:00:20 (4812 turns).

qw the Shooter (Djinni Hunter)                      Turns: 4812, Time: 00:00:20

Health: -5/59      AC:  9    Str: 10    XL:     8   Next: 74%
Gold:   240        EV: 13    Int: 14    God:
                   SH:  0    Dex: 24

rFire   + + .        a - +0 shortbow
rCold   x . .        (shield currently unavailable)
rNeg    . . .        e - +4 ring mail of Lemuk {Int+2}
rPois   inf          (no helmet)
rElec   .            (no cloak)
rCorr   .            (no gloves)
SInv    .            (boots unavailable)
Will    .....        (no amulet)
Stlth   +            i - +6 ring of dexterity
HPRegen 0.29/turn    (no ring)
MPRegen 0.00/turn

%: infuse magic (-6 HP)
@: flying
A: sickness immunity, fire resistance 2, cold vulnerability 1, float, innate
caster, HP casting, extra vitality 1
a: no special abilities


You were on level 5 of the Dungeon.
You visited 1 branch of the dungeon, and saw 5 of its levels.

You collected 279 gold pieces.
You spent 39 gold pieces at shops.


Innate Abilities, Weirdness & Mutations

You are immune to sickness and miasma.
You are immune to poison.
Your flesh is very heat resistant. (rF++)
You are vulnerable to cold. (rC-)
You float through the air rather than walking.
You learn spells naturally, not from books.
Your magical power is your life essence.
You have superior vitality. (+4 MHP)


   Skills:
 - Level 5.3 Fighting
 - Level 7.1 Ranged Weapons
 - Level 1.0 Armour
 + Level 4.4 Dodging
 - Level 0.7 Stealth


You knew the following spells:

 Your Spells              Type           Power      Damage    Failure   Level
a - Shock                 Conj/Air       0%         1d3       58%         1
b - Jinxbite              Hex            0%         N/A       73%         2
c - Fugue of the Fallen   Necr           0%         N/A       91%         3
Your spell library was empty.

Inventory:

Hand Weapons
 a - a +0 shortbow (weapon)
Armour
 e - the +4 ring mail of Lemuk (worn) {Int+2}
   (You found it on level 2 of the Dungeon)

   Int+2:     It affects your intelligence (+2).
Jewellery
 i - a +6 ring of dexterity (left hand)
Potions
 b - a potion of curing
 c - a potion of might
 d - a potion of heal wounds {unknown}
 f - 2 potions of haste
 g - 2 potions of berserk rage {unknown}
 h - 2 potions of degeneration {unknown}

Dungeon Overview and Level Annotations

Branches:
Dungeon (5/15)
 Temple: D:4-7

Altars:
Cheibriados
Hepliaklqana
Uskayaw
Xom

Shops:
D:1 *

Annotations:
D:1 2 transporters
D:5 Duvessa


Message History

You hear a distant scream of rage.
You start resting.
HP restored.
Things that are here:
a +0 dagger; a +2 robe of willpower; the elf corpse of Dowan
Found a shimmering blue altar of Sif Muna.
Duvessa, Sister of Dowan comes into view.
She is wielding a +0 short sword.
You shoot an arrow. The arrow closely misses Duvessa.
Duvessa goes berserk!
You shoot an arrow. The arrow hits Duvessa.
Duvessa is lightly wounded.
Duvessa barely misses you.
You shoot an arrow. The arrow hits Duvessa.
Duvessa is lightly wounded.
Duvessa hits you with a +0 short sword! Duvessa hits you but does no damage.
You shoot an arrow. The arrow hits Duvessa.
Duvessa is lightly wounded.
Duvessa hits you with a +0 short sword! Duvessa barely misses you.
You shoot an arrow. The arrow barely misses Duvessa.
Duvessa hits you with a +0 short sword. Duvessa hits you with a +0 short sword!
You shoot an arrow.
The arrow hits Duvessa but does no damage.
Duvessa is lightly wounded.
Duvessa hits you but does no damage. Duvessa barely misses you.
You shoot an arrow.
The arrow hits Duvessa but does no damage.
Duvessa is lightly wounded.
Duvessa misses you.
You shoot an arrow. The arrow hits Duvessa!
Duvessa is moderately wounded.
Duvessa hits you with a +0 short sword! Duvessa hits you with a +0 short sword.
You shoot an arrow.
The arrow hits Duvessa but does no damage.
Duvessa is moderately wounded.
Duvessa hits you but does no damage. Duvessa hits you with a +0 short sword.
You shoot an arrow.
The arrow hits Duvessa but does no damage.
Duvessa is moderately wounded.
Duvessa closely misses you. Duvessa hits you with a +0 short sword!
You die...

#.#.#..# #.#.#...
#.#.#.#. #.#.#... ##
########.#.#### #..
._.#..........) ..#
#.:.#........###
#e#...##........# #
##@..##.........# #
##...##..........# #
##...##...........# #
#.. ##...##............#
#
#...#...##.....####'####
#....................#
#....................#
#....................#
#.......)...)........#


You could see Duvessa (berserk).

Vanquished Creatures
  2 ice beasts (D:5)
  A centaur (D:5)
  3 ogres (D:5)
  2 phantoms (D:5)
  Dowan (D:5)
  A bombardier beetle (D:4)
  2 jellies
  2 orc priests (D:3)
  3 iguanas
  2 orc wizards (D:3)
  6 gnolls (D:3)
  6 adders
  A white imp (D:4)
  A ribbon worm (D:3)
  11 orcs
  5 bats
  6 endoplasms
  5 giant cockroaches
  6 goblins
  12 hobgoblins
  12 jackals
  4 kobolds
  2 quokkas (D:3)
  6 ball pythons
  4 frilled lizards
  6 rats
112 creatures vanquished.

Notes
Turn   | Place    | Note
-------+----------+-------------------------------------------
     0 | D:1      | qw the Djinni Hunter began the quest for the Orb.
     0 | D:1      | Reached XP level 1. HP: 18/18 MP: 0/0
     0 | D:1      | 0 ||| qw: Version: 0.3-a-136-gdd3b4e8
     0 | D:1      | 0 ||| qw: Game counter: 1053
     0 | D:1      | 0 ||| qw: Melee chars always use a shield: true
     0 | D:1      | 0 ||| qw: God list: Okawaru
     0 | D:1      | 0 ||| qw: Allow faded altars: false
     0 | D:1      | 0 ||| qw: Do Orc after clearing Dungeon:15 true
     0 | D:1      | 0 ||| qw: Do second Lair branch before Depths: true
     0 | D:1      | 0 ||| qw: Lair rune preference: random
     0 | D:1      | 0 ||| qw: Goals: Normal
     0 | D:1      | 0 ||| PLANNING D:1-11
   126 | D:1      | Reached XP level 2. HP: 23/23 MP: 0/0
   283 | D:1      | Reached skill level 4 in Ranged Weapons
   283 | D:1      | Reached XP level 3. HP: 28/28 MP: 0/0
   283 | D:1      | Learned a level 1 spell: Shock
   697 | D:1      | Found Ymnaumn's General Store.
   708 | D:1      | 708 ||| SHOPLISTING +6 ring of dexterity (468 gold, have
                  | 58).
   708 | D:1      | 708 ||| BUYING potion of curing (39 gold).
   708 | D:1      | Bought a potion of curing for 39 gold pieces
   708 | D:1      | 708 ||| SHOPLISTING ring of protection from fire (325 gold,
                  | have 19).
   862 | D:1      | 862 ||| UPGRADING to +0 ring mail.
   872 | D:1      | 872 ||| DROPPING +0 leather armour.
   873 | D:1      | 873 ||| UPGRADING to +6 ring of dexterity.
   874 | D:1      | 874 ||| READING 2 scrolls labelled ZOEGAO XOUCAOCS.
   874 | D:1      | 874 ||| IDENTIFYING emerald potion
   875 | D:1      | 875 ||| READING scroll of identify.
   875 | D:1      | 875 ||| IDENTIFYING 2 silvery potions
   876 | D:1      | 876 ||| READING scroll labelled ININNI JENWO.
   877 | D:1      | 877 ||| DROPPING scroll of butterflies.
   878 | D:1      | 878 ||| DROPPING potion of attraction.
  1034 | D:2      | Reached skill level 1 in Armour
  1204 | D:2      | Reached XP level 4. HP: 34/34 MP: 0/0
  1367 | D:2      | Identified the +4 ring mail of Lemuk {Int+2}
  1480 | D:2      | 1480 ||| UPGRADING to +4 ring mail of Lemuk {Int+2}.
  1490 | D:2      | 1490 ||| DROPPING +0 ring mail.
  1491 | D:2      | 1491 ||| READING scroll labelled WAUVVAGGUH.
  1542 | D:3      | 1542 ||| DRINKING 2 potions of curing.
  1542 | D:3      | 1542 ||| (to cure confusion)
  1551 | D:3      | Reached skill level 3 in Fighting
  1552 | D:3      | 1552 ||| DRINKING potion of curing.
  1552 | D:3      | 1552 ||| (to cure confusion)
  1583 | D:3      | Reached XP level 5. HP: 23/40 MP: 0/0
  1583 | D:3      | Learned a level 2 spell: Jinxbite
  1659 | D:3      | Reached skill level 3 in Dodging
  1918 | D:3      | Found a shimmering altar of Xom.
  1921 | D:3      | Found a hazy altar of Hepliaklqana.
  1935 | D:3      | Found a snail-covered altar of Cheibriados.
  1945 | D:3      | Found a hide-covered altar of Uskayaw.
  2151 | D:3      | Reached XP level 6. HP: 46/46 MP: 0/0
  2157 | D:3      | HP: 9/46 [orc priest/divine providence (11)]
  2161 | D:3      | Reached skill level 5 in Ranged Weapons
  2161 | D:3      | 2161 ||| FLEEEEING.
  2353 | D:3      | 2353 ||| FLEEEEING.
  2354 | D:3      | 2354 ||| FLEEEEING.
  2355 | D:3      | 2355 ||| FLEEEEING.
  2356 | D:3      | 2356 ||| FLEEEEING.
  2357 | D:3      | 2357 ||| FLEEEEING.
  2358 | D:3      | 2358 ||| FLEEEEING.
  2359 | D:3      | 2359 ||| FLEEEEING.
  2360 | D:3      | 2360 ||| FLEEEEING.
  2361 | D:3      | 2361 ||| FLEEEEING.
  2362 | D:3      | 2362 ||| FLEEEEING.
  2363 | D:3      | 2363 ||| FLEEEEING.
  2364 | D:3      | 2364 ||| FLEEEEING.
  2365 | D:3      | 2365 ||| FLEEEEING.
  2366 | D:3      | 2366 ||| FLEEEEING.
  2367 | D:3      | 2367 ||| FLEEEEING.
  2368 | D:3      | 2368 ||| FLEEEEING.
  2369 | D:3      | 2369 ||| FLEEEEING.
  2370 | D:3      | 2370 ||| STAIRDANCE
  2390 | D:2      | 2390 ||| READING scroll of identify.
  2390 | D:2      | 2390 ||| IDENTIFYING grey potion
  2391 | D:2      | 2391 ||| DROPPING potion of ambrosia.
  2796 | D:3      | 2796 ||| READING scroll labelled COLEWK XIKHLEQ.
  3368 | D:4      | Reached XP level 7. HP: 52/52 MP: 0/0
  3368 | D:4      | Learned a level 3 spell: Fugue of the Fallen
  3445 | D:4      | 3445 ||| READING scroll of identify.
  3445 | D:4      | 3445 ||| IDENTIFYING bubbling puce potion
  3446 | D:4      | 3446 ||| READING scroll labelled VUMEQ KANO.
  3449 | D:4      | 3449 ||| READING scroll labelled COABRU WAMUOCS.
  3550 | D:4      | 3550 ||| READING scroll labelled WUAMAN USUOPTY.
  3574 | D:5      | Entered Level 5 of the Dungeon
  3577 | D:5      | 3577 ||| STAIRDANCE
  3717 | D:5      | Reached skill level 6 in Ranged Weapons
  3896 | D:5      | Reached XP level 8. HP: 58/58 MP: 0/0
  3966 | D:5      | Reached skill level 7 in Ranged Weapons
  4185 | D:5      | 4185 ||| FLEEEEING.
  4189 | D:5      | 4189 ||| FLEEEEING.
  4190 | D:5      | 4190 ||| FLEEEEING.
  4191 | D:5      | 4191 ||| FLEEEEING.
  4192 | D:5      | 4192 ||| FLEEEEING.
  4193 | D:5      | 4193 ||| FLEEEEING.
  4194 | D:5      | 4194 ||| FLEEEEING.
  4195 | D:5      | 4195 ||| FLEEEEING.
  4196 | D:5      | 4196 ||| FLEEEEING.
  4197 | D:5      | 4197 ||| FLEEEEING.
  4198 | D:5      | 4198 ||| FLEEEEING.
  4199 | D:5      | 4199 ||| FLEEEEING.
  4200 | D:5      | 4200 ||| FLEEEEING.
  4201 | D:5      | 4201 ||| FLEEEEING.
  4202 | D:5      | 4202 ||| FLEEEEING.
  4203 | D:5      | 4203 ||| FLEEEEING.
  4204 | D:5      | 4204 ||| FLEEEEING.
  4205 | D:5      | 4205 ||| FLEEEEING.
  4206 | D:5      | 4206 ||| FLEEEEING.
  4207 | D:5      | 4207 ||| FLEEEEING.
  4208 | D:5      | 4208 ||| FLEEEEING.
  4209 | D:5      | 4209 ||| FLEEEEING.
  4210 | D:5      | 4210 ||| FLEEEEING.
  4211 | D:5      | 4211 ||| FLEEEEING.
  4212 | D:5      | 4212 ||| FLEEEEING.
  4213 | D:5      | 4213 ||| FLEEEEING.
  4214 | D:5      | 4214 ||| FLEEEEING.
  4215 | D:5      | 4215 ||| FLEEEEING.
  4216 | D:5      | 4216 ||| FLEEEEING.
  4217 | D:5      | 4217 ||| FLEEEEING.
  4218 | D:5      | 4218 ||| FLEEEEING.
  4219 | D:5      | 4219 ||| FLEEEEING.
  4220 | D:5      | 4220 ||| FLEEEEING.
  4221 | D:5      | 4221 ||| FLEEEEING.
  4222 | D:5      | 4222 ||| FLEEEEING.
  4223 | D:5      | 4223 ||| FLEEEEING.
  4224 | D:5      | 4224 ||| FLEEEEING.
  4225 | D:5      | 4225 ||| FLEEEEING.
  4226 | D:5      | 4226 ||| FLEEEEING.
  4227 | D:5      | 4227 ||| FLEEEEING.
  4228 | D:5      | 4228 ||| FLEEEEING.
  4703 | D:5      | Noticed Dowan
  4723 | D:5      | Killed Dowan
  4802 | D:5      | Noticed Duvessa
  4811 | D:5      | HP: 12/59 [Duvessa/+0 short sword (6)]
  4812 | D:5      | Slain by Duvessa

Levels and vault maps discovered:
D:1:      spicycebolla_arrival_transporter_tutorial, layout_basic, serial_shops,
          nicolae_shop_window_shopping
D:2:      minmay_inner_zag, layout_basic, minmay_curled_crystal
D:3:      layout_loops_corners, grunt_temple_overflow_cloverleaf
D:4:      layout_basic, chequers_serial_rivers_marsh
D:5:      layout_basic, nzn_overflow_gifts_of_might_and_magic,
          nicolae_half_adder

Skill      XL: |  1  2  3  4  5  6  7  8 |
---------------+-------------------------+-----
Ranged Weapons | 4 5 6 7 |  7.1
Armour         | 1 |  1.0
Fighting       | 3 4 5 |  5.3
Dodging        | 3 4 |  4.4
Stealth        | |  0.7

Action                     |  1- 3 |  4- 6 |  7- 9 || total
---------------------------+-------+-------+-------++-------
   Fire: Shortbow          |    93 |   191 |   181 ||   465
    Use: Scroll            |     3 |     3 |     4 ||    10
         Potion            |       |     2 |       ||     2
 Armour: Leather armour    |    10 |       |       ||    10
         Ring mail         |     5 |    87 |    98 ||   190
  Dodge: Dodged            |    26 |    46 |    75 ||   147

Table legend:
 A = Non-vault XP
 B = Vault XP
 C = Vault XP percentage of total XP
 D = Non-vault monster count
 E = Vault monster count
 F = Vault count percentage of total count
                 A         B        C        D         E       F
            +---------+---------+-------+---------+---------+-------
      Total |    1588 |     145 |   8.4 |     100 |      12 |  10.7
            +---------+---------+-------+---------+---------+-------
        D:1 |      42 |       0 |   0.0 |      25 |       0 |   0.0
        D:2 |      25 |      10 |  28.6 |       9 |       6 |  40.0
        D:3 |     332 |       0 |   0.0 |      35 |       0 |   0.0
        D:4 |     148 |       0 |   0.0 |      11 |       0 |   0.0
        D:5 |    1041 |     135 |  11.5 |      20 |       6 |  23.1
            +---------+---------+-------+---------+---------+-------
